AoeStats
← Navix de los Bosques de Lituania

Arabia

503515052Analyzed
2v2 RM · 1mo ago on Sep 1, 2026· 38m 41s· 4 players
Game mode
Random Map
Map size
Medium (4 player)
Population
200
Speed
Normal
Resources
Standard
Victory
Conquest
Starting age
Dark Age
Ending age
Imperial Age
RankedLock teamsTeams togetherTeam positionsShared explorationLock speedFull tech treeHidden civsTurbo modeCheats
Victory
Defeat
🇨🇴 Spanish · Colombia
737
+13
694
+15
🇲🇽 Cumans · Mexico
674
-14
🇵🇪 Mongols · Peru
674
-14
ZOROKUZO
9:38 Feudal Age
12:16 Double-Bit Axe
20:18 Scale Barding Armor
20:14 Scale Mail Armor
36:34 Loom
Loca Dominga
2:20 Loom
12:31 Feudal Age
13:19 Horse Collar
15:09 Double-Bit Axe
19:49 Wheelbarrow
20:49 Town Watch
30:58 Castle Age
32:40 Thumb Ring
35:09 Fletching
36:15 Crossbowman
Navix de los Bosques de Lituania
3:37 Loom
11:16 Feudal Age
11:18 Man-at-Arms
11:44 Arson
12:53 Scale Mail Armor
13:05 Forging
15:50 Long Swordsman
Derzer
10:34 Feudal Age
15:23 Forging
16:26 Man-at-Arms
19:18 Scale Mail Armor
20:35 Loom
26:44 Double-Bit Axe
26:42 Horse Collar
38:34 Castle Age
37:19 Bloodlines
Connection lost

Rejoining the realm…

Still unreachable

The connection could not be restored.

Session expired

The server has moved on; the page needs a fresh start.